 Dungeon Crawl Stone Soup version 0.23.2-1-ga50397a (webtiles) character file.

Game seed: 8301207600564928884

194 Wander the Poker (level 6, -3/44 HPs)
             Began as a Human Wanderer on Apr 30, 2019.
             Was an Initiate of Qazlal.
             Killed from afar by an orc wizard (5 damage)
             ... with a magic dart
             ... on level 4 of the Dungeon.
             The game lasted 00:09:18 (2799 turns).

Wander the Poker (Human Wanderer)                   Turns: 2799, Time: 00:09:18

Health: -3/44      AC:  9    Str: 13    XL:     6   Next: 3%
Magic:  6/6        EV: 10    Int: 14    God:    Qazlal [......]
Gold:   141        SH:  0    Dex: 12    Spells: 3/5 levels left

rFire    . . .     SeeInvis +   a - +2 spear
rCold    . . .     Gourm    .   (no shield)
rNeg     . . .     Faith    .   q - +0 ring mail
rPois    .         Spirit   .   n - +2 helmet
rElec    .         Reflect  .   (no cloak)
rCorr    .         Harm     .   u - +0 pair of gloves
MR       .....                  (no boots)
Stlth    ++........             (no amulet)
HPRegen  0.14/turn              f - ring of stealth
MPRegen  0.10/turn              l - ring of see invisible

@: no status effects
A: no striking features
a: Renounce Religion


You were on level 4 of the Dungeon.
You worshipped Qazlal.
Qazlal was noncommittal.
You were not hungry.

You visited 1 branch of the dungeon, and saw 4 of its levels.

You collected 141 gold pieces.

Inventory:

Hand Weapons
 a - a +2 spear (weapon)
 b - a +0 hand crossbow
 x - a +0 flail of holy wrath
Missiles
 r - 49 bolts
Armour
 c - a +2 hat
 n - a +2 helmet (worn)
 q - a +0 ring mail (worn)
 u - a +0 pair of gloves (worn)
Jewellery
 f - a ring of stealth (left hand)
 l - a ring of see invisible (right hand)
Scrolls
 g - 3 scrolls of identify {unknown}
 j - 2 scrolls of noise {unknown}
 k - a scroll of enchant weapon {unknown}
 m - a scroll of immolation {unknown}
 p - a scroll of teleportation {unknown}
 v - a scroll of amnesia {unknown}
 w - a scroll of remove curse
Potions
 e - a potion of lignification {unknown}
 h - 5 potions of curing {unknown}
 i - 2 potions of flight {unknown}
 o - 2 potions of heal wounds {unknown}
 s - a potion of invisibility {unknown}
 t - a potion of haste {unknown}
Comestibles
 d - 8 rations


   Skills:
 - Level 2.0 Fighting
 * Level 5.3 Polearms
 - Level 1.0 Armour
   Level 1.0 Shields
 - Level 4.0 Fire Magic
   Level 1.0 Earth Magic
   Level 1.0 Evocations


You had 3 spell levels left.
You knew the following spells:

 Your Spells              Type           Power        Failure   Level  Hunger
a - Flame Tongue          Conj/Fire      #....        26%         1    ##.....
b - Summon Small Mammal   Summ           #...         52%         1    ##.....

Your spell library contained the following spells:

 Spells                   Type           Power        Failure   Level  Hunger
 Animate Skeleton         Necr           N/A          52%         1    ##.....
 Apportation              Tloc           #.....       52%         1    ##.....
 Confusing Touch          Hex            #.....       52%         1    ##.....
 Ignite Poison            Fire/Tmut/Pois #.......     73%         3    ####...


Dungeon Overview and Level Annotations

Branches:
Dungeon (4/15)
 Temple: D:4-7

Altars:
Elyvilon
Qazlal


Message History

The orc wizard is moderately wounded.
You closely miss the orc wizard.
The orc wizard is moderately wounded.
The orc wizard hits you but does no damage.
The orc barely misses you.
You closely miss the orc wizard.
The orc wizard is moderately wounded.
The orc wizard hits you but does no damage.
You are electrocuted!
* * * LOW HITPOINT WARNING * * *
The orc hits you from afar with a +0 trident.
* * * LOW HITPOINT WARNING * * *
The orc wizard casts a spell.
The orc wizard seems to speed up.
The orc wizard casts a spell.
The orc wizard blinks!
There is a stormy altar of Qazlal here.
The orc wizard casts a spell at you. The magic dart hits you.
You die...

#. ..# #. (.. .## #.# ..#
#.# #.# #.# ##########.##
#.# #...@_...oo.# #.#
###.########..# #(# #.....#
#..# ..#########.....###
#..#
#..............>.......o.
#)#########.....#.##......
#...............#.#.#.....#
#.#########.#.###..###..###
.....# #.......## ##.#


You could see an orc wizard and an orc.

Vanquished Creatures
  A crimson imp (D:3)
  An orc priest (D:4)
  3 adders
  A worm (D:2)
  3 dart slugs
  3 leopard geckos
  9 orcs
  15 bats
  A giant cockroach (D:3)
  5 goblins
  10 hobgoblins
  4 jackals
  A quokka (D:3)
  2 ball pythons
  8 frilled lizards
  10 kobolds
  8 rats
85 creatures vanquished.

Notes
Turn   | Place    | Note
-------+----------+-------------------------------------------
     0 | D:1      | Wander the Human Wanderer began the quest for the Orb.
     0 | D:1      | Wander set off with the following items: a +2 spear, a +0
                  | ring mail, a ration; and the following spell memorised:
                  | Flame Tongue; and the following spells available to
                  | memorise: Ignite Poison
     0 | D:1      | Reached XP level 1. HP: 16/16 MP: 1/1
    35 | D:1      | Reached skill level 1 in Polearms
    79 | D:1      | Reached XP level 2. HP: 22/22 MP: 2/2
   139 | D:1      | Reached skill level 2 in Polearms
   265 | D:1      | Reached XP level 3. HP: 24/27 MP: 3/3
  1009 | D:2      | Reached skill level 3 in Polearms
  1077 | D:2      | Reached XP level 4. HP: 29/33 MP: 4/4
  1134 | D:2      | Found a white marble altar of Elyvilon.
  1398 | D:2      | Learned a level 1 spell: Summon Small Mammal
  1554 | D:3      | Reached skill level 4 in Polearms
  1554 | D:3      | Reached XP level 5. HP: 37/38 MP: 5/5
  2704 | D:4      | Reached skill level 5 in Polearms
  2704 | D:4      | Reached XP level 6. HP: 33/44 MP: 6/6
  2756 | D:4      | Found a stormy altar of Qazlal.
  2761 | D:4      | Became a worshipper of Qazlal Stormbringer
  2795 | D:4      | HP: 2/44 [orc/+0 trident (6)]
  2799 | D:4      | Killed from afar by an orc wizard

Skill      XL: |  1  2  3  4  5 |
---------------+----------------+-----
Polearms       | 1 2 3 4 5 |  5.3
Fighting       | |  2.0
Armour         | |  1.0
Shields        | |  1.0
Fire Magic     | |  4.0
Earth Magic    | |  1.0
Evocations     | |  1.0

Action                   |  1- 3 |  4- 6 || total
-------------------------+-------+-------++-------
Melee: Spear             |   135 |   189 ||   324
  Use: Scroll            |     2 |       ||     2
 Stab: Sleeping          |     3 |     2 ||     5
  Eat: Chunk             |     1 |     5 ||     6
Armor: Ring mail         |    58 |   111 ||   169
Dodge: Dodged            |    70 |   152 ||   222
